 Dungeon Crawl Stone Soup version 0.22-a0-417-g1387785 (webtiles) character file.

70 galech the Magician (level 4, -6/32 HPs)
             Began as a Gnoll Wanderer on May 14, 2018.
             Was an Initiate of Okawaru.
             Killed by divine providence
             ... invoked by an orc priest
              (10 damage)
             ... on level 3 of the Dungeon.
             The game lasted 00:04:47 (1603 turns).

galech the Magician (Gnoll Wanderer)                Turns: 1603, Time: 00:04:47

Health: -6/32      AC:  5    Str: 14    XL:     4   Next: 21%
Magic:  11/11      EV: 10    Int: 14    God:    Okawaru [......]
Gold:   106        SH:  0    Dex: 16    Spells: 11/13 levels left

rFire    + . .     SeeInvis .   a - +2 dagger
rCold    . . .     Gourm    .   (no shield)
rNeg     . . .     Faith    .   h - +0 ring mail {rF+}
rPois    .         Spirit   .   (no helmet)
rElec    .         Reflect  .   (no cloak)
rCorr    .         Harm     .   (no gloves)
MR       .....                  (no boots)
Stlth    ++........             (no amulet)
HPRegen  0.10/turn              (no ring)
MPRegen  0.12/turn              (no ring)

@: no status effects
A: distributed training, fangs 1, strong nose
a: Renounce Religion


You were on level 3 of the Dungeon.
You worshipped Okawaru.
Okawaru was noncommittal.
You were not hungry.

You visited 1 branch of the dungeon, and saw 3 of its levels.

You collected 106 gold pieces.

Inventory:

Hand Weapons
 a - a +2 dagger (weapon)
 j - a +0 mace
Armour
 h - a +0 ring mail of fire resistance (worn)
 m - a +1 leather armour of fire resistance
Scrolls
 c - a scroll of fog {unknown}
 d - 3 scrolls of teleportation
 g - a scroll of amnesia {unknown}
 i - 2 scrolls of identify {unknown}
 k - a scroll of remove curse {unknown}
 l - 2 scrolls of enchant weapon {unknown}
Potions
 b - 2 potions of heal wounds
 e - a potion of curing {unknown}
Comestibles
 f - 3 rations


   Skills:
 + Level 1.0 Fighting
 + Level 1.0 Short Blades
 + Level 1.0 Long Blades
 + Level 1.0 Axes
 + Level 1.0 Maces & Flails
 + Level 1.0 Polearms
 + Level 1.0 Staves
 + Level 1.0 Slings
 + Level 1.0 Bows
 + Level 1.0 Crossbows
 + Level 2.7 Throwing
 + Level 1.0 Armour
 + Level 1.0 Dodging
 + Level 2.5 Stealth
 + Level 1.0 Shields
 + Level 1.0 Unarmed Combat
 + Level 5.0 Spellcasting
 + Level 0.8 Conjurations
 + Level 0.8 Hexes
 + Level 0.8 Charms
 + Level 2.2 Summonings
 + Level 0.8 Necromancy
 + Level 2.2 Translocations
 + Level 0.8 Transmutations
 + Level 0.8 Fire Magic
 + Level 0.8 Ice Magic
 + Level 3.8 Air Magic
 + Level 0.8 Earth Magic
 + Level 3.8 Poison Magic
 + Level 1.1 Invocations
 + Level 1.0 Evocations


You had 11 spell levels left.
You knew the following spells:

 Your Spells              Type           Power        Failure   Level  Hunger
a - Swiftness             Chrm/Air       ##......     21%         2    ##.....

Your spell library contained the following spells:

 Spells                   Type           Power        Failure   Level  Hunger
 Poisonous Vapours        Pois/Air       ##....       11%         2    ##.....


Dungeon Overview and Level Annotations

Branches:
Dungeon (3/15)

Altars:
Okawaru


Innate Abilities, Weirdness & Mutations

Your experience applies equally to all skills.
You have very sharp teeth.
Your uncanny sense of smell can sniff out nearby items.


Message History

The orc closely misses you.
You are too injured to fight recklessly!
You hit the orc but do no damage.
The orc is heavily wounded.
The orc priest miscasts a cantrip.
You hit the orc but do no damage.
The orc is heavily wounded.
The orc barely misses you.
The orc priest calls upon Beogh to heal the orc.
The orc's wounds heal themselves!
An orc priest comes into view.
The orc priest shouts!
You hit the orc but do no damage. The orc barely misses you.
The orc priest miscasts a cantrip.
The orc priest calls down the wrath of Beogh upon you.
Beogh smites you!
* * * LOW HITPOINT WARNING * * *
The orc priest calls down the wrath of Beogh upon you.
Beogh smites you!
You die...

. ...... .. .
.)....# #..
.#...$..# ...###
........#
#.#....###.......#
..o..#.[.........#
#.oo..$........ ∆
###$.o......# ∆
##..@.....#
####....## #....##
# #.....## #
##.#...##.# # ∆
##....#....# #
#....#....>.# #
#....#......# #
#..#.#.........


You could see 2 orc priests and 2 orcs.

Vanquished Creatures
  2 adders
  2 oozes (D:1)
  3 dart slugs (D:1)
  2 leopard geckos (D:2)
  3 bats (D:1)
  3 giant cockroaches
  A goblin (D:2)
  5 hobgoblins
  A quokka (D:2)
  3 frilled lizards (D:1)
  4 kobolds
  6 rats (D:1)
35 creatures vanquished.

Notes
Turn   | Place    | Note
-------+----------+-------------------------------------------
     0 | D:1      | galech the Gnoll Wanderer began the quest for the Orb.
     0 | D:1      | galech set off with: a +2 dagger, a potion of heal wounds, a scroll of teleportation, a +0 robe, a ration
     0 | D:1      | Reached XP level 1. HP: 13/13 MP: 6/6
   179 | D:1      | Reached XP level 2. HP: 15/20 MP: 7/7
   373 | D:1      | Reached XP level 3. HP: 22/25 MP: 9/9
   404 | D:1      | Reached skill level 5 in Spellcasting
   684 | D:2      | Learned a level 2 spell: Swiftness
   693 | D:2      | Reached skill level 1 in Invocations
   895 | D:2      | Reached skill level 1 in Fighting
   895 | D:2      | Reached skill level 1 in Short Blades
   895 | D:2      | Reached skill level 1 in Long Blades
   895 | D:2      | Reached skill level 1 in Axes
   895 | D:2      | Reached skill level 1 in Maces & Flails
   895 | D:2      | Reached skill level 1 in Polearms
   895 | D:2      | Reached skill level 1 in Staves
   895 | D:2      | Reached skill level 1 in Slings
   895 | D:2      | Reached skill level 1 in Bows
   895 | D:2      | Reached skill level 1 in Crossbows
   895 | D:2      | Reached skill level 1 in Armour
   895 | D:2      | Reached skill level 1 in Dodging
   895 | D:2      | Reached skill level 1 in Shields
   895 | D:2      | Reached skill level 1 in Unarmed Combat
   895 | D:2      | Reached skill level 1 in Evocations
  1014 | D:2      | Reached XP level 4. HP: 32/32 MP: 11/11
  1267 | D:2      | Found an iron altar of Okawaru.
  1271 | D:2      | Became a worshipper of Warmaster Okawaru
  1603 | D:3      | Killed from afar by an orc priest

Vault maps used:
D:1:      minmay_arrival_four_loops, st_stairs_10
D:2:      chequers_ecumenical_altar_twisty, first_ration, serial_forest,
          infiniplex_forest_clump_tiny, infiniplex_forest_lined_room_3,
          infiniplex_forest_zigzag_2, infiniplex_forest_straight_2,
          infiniplex_forest_lined_ring, infiniplex_forest_lined_ring,
          okawaru_ov_weapons_minmay
D:3:      kennysheep_slug_shrine, gammafunk_temple_overflow_elements,
          uniq_sigmund

Skill      XL: |  1  2  3 |
---------------+----------+-----
Summonings     | 2 |  2.2
Translocations | 2 |  2.2
Spellcasting   | 5 |  5.0
Invocations    | 1 |  1.1
Fighting       | 1 |  1.0
Short Blades   | 1 |  1.0
Long Blades    | 1 |  1.0
Axes           | 1 |  1.0
Maces & Flails | 1 |  1.0
Polearms       | 1 |  1.0
Staves         | 1 |  1.0
Slings         | 1 |  1.0
Bows           | 1 |  1.0
Crossbows      | 1 |  1.0
Armour         | 1 |  1.0
Dodging        | 1 |  1.0
Shields        | 1 |  1.0
Unarmed Combat | 1 |  1.0
Evocations     | 1 |  1.0
Throwing       | |  2.7
Stealth        | |  2.5
Conjurations   | |  0.8
Hexes          | |  0.8
Charms         | |  0.8
Necromancy     | |  0.8
Transmutations | |  0.8
Fire Magic     | |  0.8
Ice Magic      | |  0.8
Air Magic      | |  3.8
Earth Magic    | |  0.8
Poison Magic   | |  3.8

Action                   |  1- 3 |  4- 6 || total
-------------------------+-------+-------++-------
Melee: Dagger            |   113 |   150 ||   263
       Bite              |    23 |    18 ||    41
       Punch             |       |     1 ||     1
  Use: Potion            |       |     1 ||     1
 Stab: Sleeping          |     2 |     1 ||     3
  Eat: Chunk             |       |     3 ||     3
Armor: Ring mail         |    43 |    51 ||    94
Dodge: Dodged            |    42 |    57 ||    99

Table legend:
 A = Spawn XP
 B = Non-spawn XP
 C = Spawn XP percentage of total XP
 D = Spawn monster count
 E = Non-spawn monster count
 F = Spawn count percentage of total count
 G = Total turns spent on level
                    A         B        C        D         E        F      G
               +---------+---------+-------+---------+---------+-------+---------
         Total |       0 |     100 |   0.0 |       0 |      35 |   0.0 |  1603
               +---------+---------+-------+---------+---------+-------+---------
           D:1 |       0 |      55 |   0.0 |       0 |      25 |   0.0 |   680
           D:2 |       0 |      30 |   0.0 |       0 |       8 |   0.0 |   760
           D:3 |       0 |      15 |   0.0 |       0 |       2 |   0.0 |   163
               +---------+---------+-------+---------+---------+-------+---------
